Cogmind - Beta 12 @@@ ROGUE MODE // 2023.08.28 @ 22:15:59 Player: ILikeGoodFood Result: Core destroyed Performance ------------- Evolutions (1) 500 Regions Visited (3) 600 Robots Destroyed (26) 130 Value Destroyed (568) 568 Prototype IDs (0) 0 Alien Tech Used (0) 0 Bonus (30) 30 TOTAL SCORE: 1828 Bonus ------- High Alert Combat Kills 30 Cogmind --------- Core Integrity 0/400 Matter 300/300 Energy 100/100 System Corruption 1% Temperature Cool (0) Movement Core (50) Location -9/Storage Parts ------- > --- POWER (2) -------- (None) > --- PROPULSION (2) --- (None) > --- UTILITY (3) ------ Heat Sink Signal Interpreter Hacking Suite > --- WEAPON (2) ------- (None) > --- INVENTORY (5) ---- Improved Ion Engine VTOL Module VTOL Module Transport Network Coupler Peak State ------------ > --- POWER ------------ Light Ion Engine Light Ion Engine > --- PROPULSION ------- Improved Hover Unit Improved Hover Unit > --- UTILITY ---------- Heat Sink Signal Interpreter Hacking Suite > --- WEAPON ----------- Beam Rifle Light EM Pulse Cannon > --- INVENTORY -------- Improved Ion Engine Flight Unit Flight Unit Transport Network Coupler [Rating: 15] Favorites ----------- Power Light Ion Engine Engine Light Ion Engine Propulsion Flight Unit Wheel Wheel Hover Unit Improved Hover Unit Flight Unit Flight Unit Utility Hacking Suite Device Weight Redist. System Processor Signal Interpreter Hackware Hacking Suite Weapon Small Laser Energy Gun Small Laser Energy Cannon Light EM Pulse Cannon Ballistic Gun Heavy Assault Rifle Ballistic Cannon Light Cannon Build | -11 -10 -9 -9 ------- Run | Jun Mat Mat Sto Slots Evolved 2 | . . 2 . Power 1 | . . 1 . Propulsion . | . . . . Utility 1 | . . 1 . Weapon . | . . . . Parts Attached 30 | 5 8 15 2 Power 5 | 1 1 3 . Engine 5 | 1 1 3 . Core . | . . . . Reactor . | . . . . Propulsion 11 | 2 2 7 . Treads . | . . . . Leg . | . . . . Wheel 2 | 2 . . . Hover 4 | . . 4 . Flight 5 | . 2 3 . Utility 5 | . 3 2 . Device 3 | . 2 1 . Storage . | . . . . Processor 1 | . . 1 . Hackware 1 | . 1 . . Protection . | . . . . Artifact . | . . . . Weapon 9 | 2 2 3 2 Energy Gun 4 | 2 1 1 . Energy Cannon 3 | . . 2 1 Ballistic Gun 1 | . . . 1 Ballistic Cannon 1 | . 1 . . Launcher . | . . . . Special Weapon . | . . . . Impact Weapon . | . . . . Slashing Weapon . | . . . . Piercing Weapon . | . . . . Special Melee Weapon . | . . . . Unidentified Prototypes . | . . . . Parts Lost 13 | . 2 3 8 Power 4 | . 1 1 2 Propulsion 3 | . . 1 2 Utility 1 | . . 1 . Weapon 5 | . 1 . 4 Highest Loss Streak 8 | . 2 2 8 To Critical Strikes . | . . . . Average Slot Usage (%) 85 | . 85 92 70 Engine 16 | . 13 21 11 Wheel 6 | . 14 . . Hover 6 | . . 12 10 Flight 9 | . 13 9 . Device 12 | . 15 10 11 Processor 4 | . . 6 11 Hackware 6 | . 1 11 11 Energy Gun 14 | . 21 11 6 Energy Cannon 3 | . . 6 7 Ballistic Cannon 3 | . 5 4 . Naked Turns . | . . . . Heaviest Build 14 | 5 8 14 14 Greatest Support 26 | 20 26 14 14 Greatest Overweight (x) 2 | . . 1 2 Average Overweight (x) . | . . . . Largest Inventory Capacity 5 | 5 5 5 5 Average Capacity 5 | 5 5 5 5 Most Carried 5 | 5 5 5 5 Average Carried 3 | 1 2 4 4 Final Capacity 5 | 5 5 5 5 Final Carried 5 | 2 4 5 4 Class Distribution -------------------- 65% | Scavenger-Mutant 34% | Mutant Dominant Class ---------------- Scavenger-Mutant | -10/Materials Scavenger-Mutant | -9/Materials Scavenger-Mutant | -9/Storage Resources | -11 -10 -9 -9 ----------- Run | Jun Mat Mat Sto Matter Collected 596 | 250 57 264 25 Remotely . | . . . . Salvage Created 845 | 111 103 571 60 Parts 57 | 1 11 45 . Haulers Intercepted 3 | . 1 2 . Recyclers Shooed 1 | . 1 . . Parts Field Recycled . | . . . . Retrieved Matter . | . . . . Parts Self-Destructed . | . . . . Prevented . | . . . . Kills | -11 -10 -9 -9 ------- Run | Jun Mat Mat Sto Combat Hostiles Destroyed 16 | . 3 12 1 Guns 6 | . 3 3 . Cannons 8 | . . 8 . AOE 1 | . . 1 . Classes Destroyed 9 | 2 4 3 . Tunneler 2 | 2 . . . Hauler 3 | . 1 2 . Recycler 1 | 1 . . . Operator 1 | . 1 . . Watcher 3 | . . 3 . Swarmer 6 | . 2 4 . Grunt 4 | . 1 3 . Duelist 1 | . . 1 . Sentry 5 | . . 4 1 Best Kill Streak 6 | 2 2 6 1 Combat Bots Only 6 | . 2 6 1 Max Kills in Single Turn 1 | 1 1 1 1 Gunslinging . | . . . . Exploded 1 | . . 1 . Melee . | . . . . Uniques/NPCs Destroyed . | . . . . Combat | -11 -10 -9 -9 -------- Run | Jun Mat Mat Sto Damage Taken 1424 | . 267 395 762 Core 463 | . 62 45 356 Absorbed by Shields . | . . . . Core Remaining (%) 87 | 100 75 . . Volleys Fired 97 | 12 26 40 19 Largest 2 | 2 2 2 2 Hottest 112 | 80 80 112 112 Shots Fired 163 | 24 45 69 25 Gun 110 | 24 39 29 18 Cannon 53 | . 6 40 7 Launcher . | . . . . Special . | . . . . Kinetic 38 | . 6 23 9 Thermal 101 | 24 39 29 9 Explosive . | . . . . Electromagnetic 24 | . . 17 7 Robot Hit Streak 20 | 7 5 20 8 Robot Miss Streak 7 | 3 3 7 2 Penetration Max . | . . . . Secondary Targets 1 | . 1 . . Max Gunslinging Chain 1 | . 1 . . Shots Hit Robots 104 | 14 25 44 21 Core Hits 40 | 4 9 22 5 Critical Kills . | . . . . Critical Parts Destroyed . | . . . . Critical Strikes 4 | . . 2 2 Burn 4 | . . 2 2 Melee Attacks . | . . . . Impact . | . . . . Slashing . | . . . . Piercing . | . . . . Sneak Attacks . | . . . . Combat Hostiles . | . . . . Follow-up Attacks . | . . . . Damage Inflicted 1758 | 155 308 834 461 Guns 924 | 155 242 295 232 Cannons 666 | . 66 486 114 Explosions 109 | . . 53 56 Melee . | . . . . Ramming 59 | . . . 59 Kinetic 425 | . 66 243 116 Thermal 917 | 155 242 348 172 Explosive . | . . . . Electromagnetic 357 | . . 243 114 Impact . | . . . . Slashing . | . . . . Piercing . | . . . . Highest Corruption 1 | . . . 1 Average Corruption 1 | . . . 1 Corruption Purged . | . . . . Corruption Blocked . | . . . . Overload Shots . | . . . . Overflow Damage 3 | . 3 . . Projectiles 3 | . 3 . . Explosions . | . . . . Melee . | . . . . Knockbacks 2 | . 2 . . Impact . | . . . . Kinetic 2 | . 2 . . Secondary . | . . . . Self-Inflicted Damage 25 | . . . 25 Shots . | . . . . Rammed 20 | . . . 20 Targets Rammed 20 | . . . 20 Kicked . | . . . . Crushed . | . . . . Highest Temperature 258 | 86 93 258 224 Average Temperature 70 | 35 35 86 125 Received Heat Transfer 444 | . 60 78 306 Effects 6 | . . 3 3 Interference 6 | . . 3 3 Siege Activations . | . . . . Robots Corrupted 1 | . . . 1 Combat Hostiles 1 | . . . 1 Parts Fried . | . . . . Impact Corruptions . | . . . . Robots Melted . | . . . . Combat Hostiles . | . . . . Parts Melted 3 | . . 1 2 Heat Transferred 2333 | 350 550 939 494 Parts Sabotaged . | . . . . Parts Stolen . | . . . . Parts Stripped . | . . . . Power Chain Reactions 2 | . . 1 1 Missiles Intercepted . | . . . . Alert | -11 -10 -9 -9 ------- Run | Jun Mat Mat Sto Peak Influence 524 | 15 143 524 268 Initial 221 | . 9 59 221 Average 179 | 7 73 326 224 Maximum Alert Level 2 | . . 2 1 Low Security (%) 54 | 100 100 13 . Level 1 31 | . . 47 100 Level 2 13 | . . 39 . Level 3 . | . . . . Level 4 . | . . . . Level 5 . | . . . . High Security . | . . . . Max Security . | . . . . Squads Dispatched 2 | . . 2 . Investigation . | . . . . Extermination . | . . . . Reinforcement 2 | . . 2 . Assault . | . . . . Garrison . | . . . . Intercept . | . . . . Searches Triggered . | . . . . Construction Impeded . | . . . . Haulers Reinforced . | . . . . Active Scanning Responses . | . . . . Cargo Convoy Interrupts . | . . . . Stealth | -11 -10 -9 -9 --------- Run | Jun Mat Mat Sto Distress Signals 4 | . 1 3 . Communications Jammed . | . . . . Distress Signals . | . . . . Times Spotted 35 | . 11 21 3 Peak Tracking Total 7 | . 7 7 3 Tactical Retreats 2 | . 1 1 . Traps | -11 -10 -9 -9 ------- Run | Jun Mat Mat Sto Traps Triggered . | . . . . Indirectly . | . . . . Trap Hack Attempts . | . . . . Triggered . | . . . . Disarmed . | . . . . Reprogrammed . | . . . . Reused . | . . . . Traps Extracted . | . . . . Installed . | . . . . Triggered . | . . . . Machines | -11 -10 -9 -9 ---------- Run | Jun Mat Mat Sto Machines Disabled 1 | . . 1 . Max in Single Turn 1 | . . 1 . Machines Repaired . | . . . . Machines Sabotaged . | . . . . Overloaded Fab Kills . | . . . . Hacking | -11 -10 -9 -9 --------- Run | Jun Mat Mat Sto Machines Accessed 9 | . 5 4 . Terminals 6 | . 3 3 . Fabricators . | . . . . Repair Stations 1 | . 1 . . Recycling Units 1 | . 1 . . Scanalyzers 1 | . . 1 . Garrison Access . | . . . . Total Hacks 24 | . 13 11 . Successful 13 | . 6 7 . Failed 11 | . 7 4 . Catastrophic 1 | . 1 . . Database Lockouts . | . . . . Manual 3 | . 1 2 . Terminals 18 | . 11 7 . Fabricators . | . . . . Repair Stations 1 | . 1 . . Recycling Units 1 | . 1 . . Scanalyzers 4 | . . 4 . Garrison Access . | . . . . Terminal Hacks 8 | . 5 3 . Branch Access Points 1 | . 1 . . Emergency Access Points 1 | . . 1 . Scanalyzer Index 1 | . . 1 . Alert Level 1 | . 1 . . Locate Traps 1 | . 1 . . Hauler Manifests 1 | . . 1 . Zone Layout 2 | . 2 . . Fabricator Hacks . | . . . . Repair Station Hacks . | . . . . Recycling Unit Hacks 1 | . 1 . . Report Inventory 1 | . 1 . . Scanalyzer 4 | . . 4 . Insert Component 2 | . . 2 . Analyze 2 | . . 2 . Garrison Access Hacks . | . . . . Unauthorized Hacks . | . . . . Terminals . | . . . . Fabricators . | . . . . Repair Stations . | . . . . Recycling Units . | . . . . Scanalyzers . | . . . . Garrison Access . | . . . . Data Cores Recovered 1 | . 1 . . Used . | . . . . Hacking Detections 7 | . 4 3 . Full Trace Events . | . . . . Feedback Events . | . . . . Feedback Blocked . | . . . . Robot Schematics Acquired . | . . . . Robots Built . | . . . . Authchips . | . . . . Time . | . . . . Total Robot Build Rating . | . . . . Part Schematics Acquired 2 | . . 2 . Parts Built . | . . . . Authchips . | . . . . Time . | . . . . Total Part Build Rating . | . . . . Parts Repaired . | . . . . Time . | . . . . Parts Recycled . | . . . . Recycled Matter . | . . . . Retrieved Matter . | . . . . Retrieved Components . | . . . . Parts Scanalyzed 2 | . . 2 . Part Schematics Acquired 2 | . . 2 . Parts Damaged . | . . . . Bothacking | -11 -10 -9 -9 ------------ Run | Jun Mat Mat Sto Used RIF Installer . | . . . . Robots Hacked . | . . . . Non-combat . | . . . . Combat . | . . . . Robot Hacks Applied . | . . . . Relay Couplers Released . | . . . . Fabnet Peak Effective % . | . . . . Robots Rewired . | . . . . Allies Hacked . | . . . . Hacks Repelled . | . . . . Allies | -11 -10 -9 -9 -------- Run | Jun Mat Mat Sto Total Allies . | . . . . Largest Group . | . . . . Highest-Rated Group . | . . . . Highest-Rated Ally . | . . . . Total Orders . | . . . . Ally Attacks . | . . . . Total Damage . | . . . . Kills . | . . . . Allies Corrupted . | . . . . Allies Melted . | . . . . Intel | -11 -10 -9 -9 ------- Run | Jun Mat Mat Sto Robot Analysis Total . | . . . . Derelict Logs Recovered . | . . . . Drone Launches . | . . . . Drone Recoveries . | . . . . Exploration | -11 -10 -9 -9 ------------- Run | Jun Mat Mat Sto Turns Passed 913 | 92 363 324 134 Spaces Moved 995 | 60 513 326 96 Core 16 | 12 . . 4 Treads . | . . . . Legs . | . . . . Wheels 211 | 48 163 . . Hover 287 | . . 195 92 Flight 481 | . 350 131 . Fastest Speed 37 | 50 37 37 50 Average Speed 52 | 74 50 49 57 Slowest Speed 150 | 80 80 117 150 Overloaded Moves . | . . . . Propulsion Burnouts . | . . . . Robots Hopped 3 | . 2 1 . Cave-ins Triggered . | . . . . Exploration Rate (%) 28 | 4 57 36 16 Regions Visited 3 Branch Regions 1 Pre-discovered Areas . | . . . . Known Exits Taken 1 | . . 1 . Unknown Exits Taken 2 | 1 1 . . Scrap Searched . | . . . . Spaces Dug . | . . . . Terrain Destroyed 10 | . . 3 7 Melee . | . . . . Projectile . | . . . . AOE 10 | . . 3 7 Terrain Rammed . | . . . . Walls Destroyed . | . . . . Machines Disabled . | . . . . Actions | -11 -10 -9 -9 --------- Run | Jun Mat Mat Sto Total 1217 | 83 569 416 149 Wait 38 | . 5 21 12 Move 986 | 59 508 323 96 Hop 3 | . 2 1 . Pick Up 32 | 7 13 11 1 Fast Attach . | . . . . Attach 20 | 5 5 8 2 Detach . | . . . . Swap 10 | . 3 7 . Drop 12 | . 7 5 . Fire 97 | 12 26 40 19 Melee . | . . . . Ram 19 | . . . 19 Kick . | . . . . Crush . | . . . . Escape Stasis . | . . . . Rewire . | . . . . Trap . | . . . . Miscellaneous . | . . . . Route ------- -11/Junkyard -10/Materials (discovered 3 exits: *Mat / *Min x2) -9/Materials (discovered 2 exits: *Mat / *Sto) -9/Storage History --------- Turn | Location | Event 8 | -11/Junkyard | Discovered new exit (range 16) 93 | -11/Junkyard | Entered Materials 106 | -10/Materials | Discovered new exit (range 16) 354 | -10/Materials | Discovered new exit (range 4) 386 | -10/Materials | Identified exit to Mines 456 | -10/Materials | Entered another Materials area 456 | -9/Materials | Evolved 2 slots: Power x1, Utility x1 583 | -9/Materials | Build established: Scavenger-Mutant 717 | -9/Materials | Discovered new exit (range 3) 718 | -9/Materials | Identified exit to Materials 743 | -9/Materials | Discovered new exit (range 15) 779 | -9/Materials | Identified exit to Storage 780 | -9/Materials | Entered Storage 880 | -9/Storage | Core integrity fell below 50% 907 | -9/Storage | Core integrity fell below 20% 914 | -9/Storage | Core destroyed Last Messages --------------- R-06 Scavenger collects Heat Sink. R-06 Scavenger collects Lgt. Treads. Transfer Shaft disabled. Hvy. Assault Rifle destroyed. Critical hit (Burn: +37). Slammed into Y-45 Defender. Acquired 25 matter. Slammed into Y-45 Defender. Destabilizing: System corrupted (+1). Slammed into Y-45 Defender. Destabilizing: System interference. Signal Interpreter temporarily disabled. Slammed into Y-45 Defender. Destabilizing: Core damaged (-12). Critical hit (Burn: +37). Slammed into Y-45 Defender. Heat Sink broken. Destabilizing: Short circuit. Slammed into Y-45 Defender. Destabilizing: Core damaged (-12). Map ----- +----------------------------------------------------+ | | | | | | | | | | | | | | | | | | | | | | | ?????????????????????????????????????????????????? | | ?????????????????????????????????????????????????? | | ########?????????????????????????????????????????? | | ###########???????????????????????????????? | | """"" # #???????????????????????????????? | | "???" # """"" #???????????????????????????????? | | ""??" # "???" #???????????????????????????????? | | "??"" # ""??" #???????????????????????????????? | | "???" + "??"" #??????????#########????????????? | | """"" # "???" #??????????#^ ^ ????????????? | | # """"" #??????????# ????????????? | | # #??????????# """ """ ???????????? | | ###+#########+###############^ "" """ #??????????? | | %%%%%%# """ """ #??????????? | | %%%@%%+ #??????????? | | a %%Y%%; #??????????? | | ###+##+####################%; #??????????? | | #?????????????????# #;%;#######??????????? | | #?????????????????# #";;#????????????????? | | !!/ #?????????????????# ### #????????????????? | | !!/ #?????????????????# #?? ???????????????? | | !/ #?????????????????# #?? ??????????????? | | #????????????????? ??""" ?????????????? | | #????????????????? ???"" #????????????? | | #????????????????? ???"" #????????????? | | #########?????????????????# #?????? #????????????? | | ??????????????????????????? ?????????????????????? | | ??????????????????????????? ?????????????????????? | | ??????????????????????????? ?????????????????????? | | ??????????????????????????? ?????????????????????? | | ??????????????????????????? ?????????????????????? | | ?????????????????????????????????????????????????? | | ?????????????????????????????????????????????????? | | ?????????????????????????????????????????????????? | | ?????????????????????????????????????????????????? | | ?????????????????????????????????????????????????? | | ?????????????????????????????????????????????????? | | ?????????????????????????????????????????????????? | | ?????????????????????????????????????????????????? | +----------------------------------------------------+ Best States ------------- Heat Dissipation 38 Energy Generation 15 Energy Capacity 150 Matter Stores 300 Matter Capacity 300 Sight Range 16 Terrain Scan Density 10 Additional Mass Support 6 Evasion (%) 62 Offensive Hacking 10 Item Schematics ----------------- Transport Network Coupler | -9/Materials | Scanalyzed Imp. Ion Engine | -9/Materials | Scanalyzed Robot Schematics ------------------ None Fabricated ------------ Nothing Alien Tech Used ----------------- None Achievements -------------- None Challenges ------------ None Game ------ Seed LinkedEncryptedDrive Manual? 0 Play Time 00:22:13 Cumulative 43.0 hours Start 2023.08.28 @ 21:54:54 End 2023.08.28 @ 22:15:59 Sessions 1 Manual Loads 0 Difficulty Rogue Special Mode None Game No. 71 Rogue 71 Adventurer 0 Explorer 0 Win Type - Total 0 Types 0/0/0/0/0/0/0/0/0 Lore% 22 Gallery% 29 Achievement% 22 Wizard Run 0 Options --------- ASCII 0 Keyboard 0 Movement Mouse Keybinds 0 Fullscreen 2 Font 24/Smallcaps Map View 76x50 Tactical HUD 0 Map Filters NONE Filters NONE Steam 1 RUN: 603e4341-c2de-4412-9920-66f1c1f5b316